 Dungeon Crawl Stone Soup version 0.30.0-29-ga12c61a403 (webtiles) character file.

Game seed: 9112427440665715322

370 monsoonserge the Magician (level 6, -6/34 HPs)
             Began as a Deep Elf Hedge Wizard on June 11, 2023.
             Killed by divine providence
             ... invoked by an orc priest
              (15 damage)
             ... on level 4 of the Dungeon.
             The game lasted 00:24:12 (4295 turns).

monsoonserge the Magician (Deep Elf Hedge Wizard)   Turns: 4295, Time: 00:24:14

Health: -6/34      AC:  3    Str:  7    XL:     6   Next: 42%
Magic:  2/15       EV: 12    Int: 21    God:
Gold:   194        SH:  0    Dex: 14    Spells: 5/15 levels left

rFire   + . .        a - +2 short sword (elec)
rCold   . . .        (no shield)
rNeg    . . .        B - +0 leather armour
rPois   .            c - +0 hat
rElec   .            (no cloak)
rCorr   .            (no gloves)
SInv    +            (no boots)
Will    .....        p - amulet of regeneration
Stlth   ++           n - ring of see invisible
HPRegen 1.05/turn    s - ring of protection from fire
MPRegen 0.14/turn

%: no passive effects
@: very slightly contaminated
A: no striking features
a: no special abilities


You were on level 4 of the Dungeon.
You visited 1 branch of the dungeon, and saw 4 of its levels.

You collected 227 gold pieces.
You spent 33 gold pieces at shops.

Inventory:

Hand Weapons
 a - a +2 short sword of electrocution (weapon)
 b - a +0 longbow
 y - a +0 sling
 D - a +4 mace of protection
 G - a +0 short sword of venom
Missiles
 o - 2 javelins (quivered)
Armour
 c - a +0 hat (worn)
 A - a +0 scale mail
 B - a +0 leather armour (worn)
 E - a +0 chain mail
 J - a +0 robe
 K - a +0 ring mail
Jewellery
 e - a +6 ring of strength
 n - a ring of see invisible (left hand)
 p - an amulet of regeneration (around neck)
 s - a ring of protection from fire (right hand)
Wands
 C - a wand of flame (17)
Scrolls
 g - a scroll of immolation {unknown}
 h - 2 scrolls of teleportation
 j - a scroll of enchant weapon {unknown}
 l - 5 scrolls of identify {unknown}
 q - a scroll of fog {unknown}
 t - a scroll of brand weapon {unknown}
 u - 2 scrolls of noise {unknown}
 x - a scroll of vulnerability {unknown}
 z - 4 scrolls of fear {unknown}
 F - a scroll of torment {unknown}
Potions
 d - 2 potions of magic
 f - 3 potions of invisibility {unknown}
 i - a potion of resistance {unknown}
 k - 2 potions of ambrosia {unknown}
 m - 2 potions of curing {unknown}
 r - a potion of cancellation {unknown}
 v - 2 potions of flight {unknown}
 w - 2 potions of heal wounds {unknown}
 H - a potion of attraction {unknown}
 I - 2 potions of lignification {unknown}


   Skills:
 + Level 1.0 Fighting
 + Level 2.4 Short Blades
 + Level 1.0 Ranged Weapons
 + Level 1.2 Throwing
 * Level 1.2 Armour
 + Level 3.0 Dodging
 - Level 3.0 Stealth
 - Level 5.0 Spellcasting
 * Level 3.1 Conjurations
 - Level 2.0 Summonings
 * Level 2.5 Translocations
 - Level 1.0 Air Magic
 - Level 1.0 Poison Magic


You had 5 spell levels left.
You knew the following spells:

 Your Spells              Type           Power      Damage    Failure   Level
a - Magic Dart            Conj           72%        1d6       4%          1
b - Blink                 Tloc           32%        N/A       9%          2
c - Call Imp              Summ           26%        N/A       11%         2
d - Mephitic Cloud        Conj/Pois/Air  12%        N/A       24%         3
e - Momentum Strike       Conj/Tloc      34%        3d8       8%          2

Your spell library contained the following spells:

 Spells                   Type           Power      Damage    Failure   Level
 Kiss of Death            Conj/Necr      44%        2d8       9%          1
 Lesser Beckoning         Tloc           32%        N/A       9%          2
 Slow                     Hex            20%        N/A       16%         1
 Cigotuvi's Dreadful Rot  Necr/Pois/Air  16%        N/A       19%         2
 Confusing Touch          Hex            5%         N/A       43%         3
 Dispel Undead            Necr           5%         3d7       83%         4


Dungeon Overview and Level Annotations

Branches:
Dungeon (4/15)
 Temple: D:4-7

Altars:
Cheibriados
Wu Jian

Shops:
D:4 ?

Annotations:
D:3 1 runed translucent door, cheesebisquit's ghost, amateur HOFi


Message History

Aiming: Magic Dart (safe; 4% risk of failure)
Press: ? - help, Shift-Dir - straight line, f - orc priest
Aim: an orc priest, wielding a +0 short sword (100% to hit)
Okay, then.
Casting: Magic Dart (safe; 4% risk of failure)
Confirm with . or Enter, or press ? or * to list all spells.
Aiming: Magic Dart (safe; 4% risk of failure)
Press: ? - help, Shift-Dir - straight line The magic dart hits the orc priest.
The orc priest is moderately wounded.
Your cerulean imp hits the orc priest with a -3 spear.
The orc priest hits your cerulean imp with a +0 short sword.
Unknown command.
You swap places.
Your cerulean imp closely misses the orc priest.
You closely miss the orc priest.
The orc priest is heavily wounded.
Your cerulean imp hits the orc priest but does no damage.
The iguana bites your cerulean imp.
The orc priest calls down the wrath of Beogh upon your cerulean imp.
Your cerulean imp is smitten.
Your cerulean imp dies!
Your cerulean imp disappears in a puff of smoke!
Your magical contamination has completely faded away.
Casting: Magic Dart (safe; 4% risk of failure)
Confirm with . or Enter, or press ? or * to list all spells.
You miscast Call Imp.
You are very lightly contaminated with residual magic.
Nothing appears to happen.
The orc priest shouts!
The orc priest invokes the aid of Beogh against you.
Beogh smites you!
Casting: Call Imp (safe; 11% risk of failure)
Confirm with . or Enter, or press ? or * to list all spells.
A tiny devil pulls itself out of the air.
The iguana bites you!
* * * LOW HITPOINT WARNING * * *
The orc priest mumbles some strange prayers to Beogh against you.
Beogh smites you!
You die...

............#
............#
............#
............#
..........###
...........
#.......#
#########ol#
........5@##
.......#.######
####.†)†......
...####....########.
........#######
..#####.......#
##.#####... # # ..#
#..# #..#.## ..###
#.## ...o...###


You could see an iguana, an orc priest (ally target) and a friendly cerulean imp
(summoned).

Vanquished Creatures
  A sleepcap (D:4)
  Ijyb (D:3)
  Terence (D:3)
  An iguana (D:4)
  2 orc wizards (D:4)
  2 adders
  2 worms (D:3)
  4 dart slugs
  12 orcs
  13 endoplasms
  5 giant cockroaches
  4 goblins
  6 hobgoblins
  2 jackals
  3 quokkas
  8 ball pythons
  12 bats
  4 frilled lizards
  6 kobolds
  4 rats (D:2)
93 creatures vanquished.

Vanquished Creatures (collateral kills)
  Natasha (twice) (D:2 D:1)
  A gnoll (D:1)
  An adder (D:2)
  An orc (D:4)
  A goblin (D:1)
  A hobgoblin (D:2)
  A kobold (D:3)
  A rat (D:2)
9 creatures vanquished.

Grand Total: 102 creatures vanquished

Notes
Turn   | Place    | Note
-------+----------+-------------------------------------------
     0 | D:1      | monsoonserge the Deep Elf Hedge Wizard began the quest for
                  | the Orb.
     0 | D:1      | Reached XP level 1. HP: 10/10 MP: 7/7
   343 | D:1      | Reached skill level 5 in Spellcasting
   343 | D:1      | Reached XP level 2. HP: 15/15 MP: 8/10
   347 | D:1      | Learned a level 2 spell: Blink
   351 | D:1      | Learned a level 2 spell: Call Imp
   644 | D:1      | Reached XP level 3. HP: 19/19 MP: 11/11
   648 | D:1      | Learned a level 3 spell: Mephitic Cloud
  1518 | D:2      | Reached skill level 1 in Poison Magic
  1765 | D:2      | Reached XP level 4. HP: 24/24 MP: 9/13
  1912 | D:2      | Found a faded altar of an unknown god.
  1916 | D:2      | Noticed Natasha
  1925 | D:2      | Killed Natasha
  2025 | D:2      | Noticed Natasha
  2041 | D:1      | Killed Natasha
  2042 | D:1      | Reached skill level 1 in Short Blades
  2278 | D:2      | Reached skill level 1 in Air Magic
  2687 | D:3      | Noticed Terence
  2692 | D:2      | Reached XP level 5. HP: 28/28 MP: 14/14
  3028 | D:3      | Killed Terence
  3096 | D:3      | Found a runed translucent door.
  3102 | D:3      | Noticed cheesebisquit's ghost (amateur HOFi)
  3194 | D:3      | Learned a level 2 spell: Momentum Strike
  3252 | D:3      | Reached skill level 1 in Throwing
  3479 | D:3      | Found an ornate altar of the Wu Jian Council.
  3586 | D:3      | Noticed Ijyb
  3612 | D:3      | Killed Ijyb
  3977 | D:4      | Found Qynnuf's Magic Scroll Shoppe.
  3986 | D:4      | Bought a scroll of teleportation for 33 gold pieces
  4007 | D:4      | Reached XP level 6. HP: 31/33 MP: 8/15
  4189 | D:4      | Reached skill level 1 in Armour
  4208 | D:4      | Found a snail-covered altar of Cheibriados.
  4285 | D:4      | Reached skill level 1 in Fighting
  4285 | D:4      | Reached skill level 1 in Ranged Weapons
  4295 | D:4      | Killed from afar by an orc priest

Illustrated notes

Levels and vault maps discovered:
D:1:      dpeg_cavernosity, layout_basic
D:2:      minmay_wonky_spiral, layout_basic, ebering_ecumenical_altar_abandoned,
          minmay_tetromino_o4, uniq_natasha
D:3:      layout_rooms, marbit_many_paths, ebering_ghost_reflecting_pool,
          nicolae_figureground_pulse, uniq_ijyb, uniq_terence
D:4:      layout_rooms, nicolae_overflow_hidden_temple,
          mainiacjoe_overflow_tiny_flanked, serial_shops,
          nicolae_shop_advertising_works [nicolae_subvault_shop_adworks]

Skill      XL: |  1  2  3  4  5  6 |
---------------+-------------------+-----
Spellcasting   | 5 |  5.0
Poison Magic   | 1 |  1.0
Conjurations   | 2 3 |  3.1
Translocations | 2 |  2.5
Short Blades   | 1 2 |  2.4
Stealth        | 3 |  3.0
Summonings     | 2 |  2.0
Air Magic      | 1 |  1.0
Throwing       | 1 |  1.2
Dodging        | 3 |  3.0
Armour         | 1 |  1.2
Fighting       | 1 |  1.0
Ranged Weapons | 1 |  1.0

Action                     |  1- 3 |  4- 6 || total
---------------------------+-------+-------++-------
  Melee: Dagger            |     6 |       ||     6
         Short sword       |    15 |    85 ||   100
         Rapier            |     2 |       ||     2
   Fire: Longbow           |       |    20 ||    20
  Throw: Boomerang         |    21 |    17 ||    38
         Javelin           |       |     1 ||     1
   Cast: Magic Dart        |    68 |    61 ||   129
         Call Imp          |     4 |    16 ||    20
         Mephitic Cloud    |       |     6 ||     6
         Blink             |       |     4 ||     4
   Stab: Sleeping          |     2 |     1 ||     3
         Distracted        |     1 |     2 ||     3
         Confused          |       |     1 ||     1
 Armour: Robe              |    10 |    12 ||    22
         Leather armour    |       |    12 ||    12
  Dodge: Dodged            |    17 |    61 ||    78
